[Event "Early-Titled-Tuesday-Blitz-August-29-2023"]
[Site "Chess.com"]
[Date "2023.08.29"]
[Round "6"]
[White "Verony64"]
[Black "fabianvivasz"]
[Result "0-1"]
[WhiteElo "2256"]
[BlackElo "2440"]
[TimeControl "180+1"]
[EndTime "9:07:18 PDT"]
[Termination "fabianvivasz won by checkmate"]

1. e4 c5 2. Nc3 d6 3. d3 g6 4. g3 Bg7 5. Bg2 Nc6 6. f4 e6 7. Nf3 Nge7 8. O-O b6 9. Be3 d5 10. Bf2 Bb7 11. e5 O-O 12. Qd2 Qd7 13. Rae1 f6 14.
exf6 Bxf6 15. Bh3 Nf5 16. g4 Nfd4 17. Bxd4 Nxd4 18. Ne5 Bxe5 19. Rxe5 Rae8 20. Bg2 b5 21. Nd1 Nc6 22. Re2 e5 23. fxe5 Rxf1+ 24. Bxf1 Rxe5 25. Qf4 Rxe2 26. Bxe2 Nd4 27. Bf1 Nxc2 28. Nf2 Nd4 29. Qb8+ Qc8 30. Qf4 Qf8 31. Qxf8+ Kxf8 32. Bg2 Ke7 33.
Kf1 Kd6 34. Nh3 Ne6 35. Kf2 Bc6 36. Bf3 Ke5 37. Kg3 a5 38. Nf2 b4 39. h4 a4 40.
g5 Bb5 41. Ng4+ Kd6 42. Nf6 Bxd3 43. Bxd5 Nd4 44. Bg8 Nf5+ 45. Kf4 c4 46. Bxh7 Nxh4 47.
Ng4 Bb1 48. a3 c3 49. bxc3 bxa3 50. Bg8 a2 51. Bxa2 Bxa2 52. Ne3 Bb1 53. Nc2 Bxc2 54. Ke3 a3 55. Kd4 a2 56. c4 a1=Q+ 57. Ke3 Qe5+ 58.
Kd2 Bf5 59. Kc1 Qe2 60. c5+ Kc7 61. c6 Qc2# 0-1

[Event "Early-Titled-Tuesday-Blitz-August-29-2023"]
[Site "Chess.com"]
[Date "2023.08.29"]
[Round "6"]
[White "AleksandraMilovic"]
[Black "Cheer_Down"]
[Result "1-0"]
[WhiteElo "2115"]
[BlackElo "2491"]
[TimeControl "180+1"]
[EndTime "9:07:18 PDT"]
[Termination "AleksandraMilovic won on time"]

1. e4 e5 2. Nf3 Nc6 3. Bb5 a6 4.
Ba4 Nf6 5. d3 Bc5 6. O-O d6 7.
c3 O-O 8. Nbd2 Ba7 9. Re1 Ne7 10. Nf1 Ng6 11. Ng3 c6 12. d4 Qc7 13. Bg5 Nd7 14.
Nf5 h6 15. Ne7+ Nxe7 16. Bxe7 Re8 17. dxe5 dxe5 18. Bd6 Qd8 19. Bb3 Qf6 20. Qd2 Nc5 21.
Bc2 Bg4 22. Bxc5 Bxc5 23. Bd1 Red8 24. Qc2 a5 25. h3 Bh5 26. Be2 Bg6 27. Rad1 Bh5 28.
Rf1 g5 29. Nh2 Bg6 30. Ng4 Qg7 31. Bc4 h5 32. Ne3 b5 33. Be2 Qf6 34. Nf5 Rxd1 35.
Rxd1 Rd8 36. Rxd8+ Qxd8 37. Qd3 Qxd3 38. Bxd3 f6 39. Kf1 Kf7 40. g4 h4 41. f3 Ke6 42.
Ke2 Bf8 43. b3 Be8 44. a4 b4 45. cxb4 Bxb4 46. Bc4+ Kd7 47. Ng7 Bg6 48. Nf5 Kc7 49.
Kd3 Kb6 50. Ke3 Kc5 51. Kd3 Be8 52. Ng7 Bd7 53. Ne6+ Kd6 54. Nd8 Bc5 55. Nf7+ Ke7 56. Nh8 1-0

[Event "Early-Titled-Tuesday-Blitz-August-29-2023"]
[Site "Chess.com"]
[Date "2023.08.29"]
[Round "6"]
[White "ChessicallyInclined"]
[Black "workhard91"]
[Result "0-1"]
[WhiteElo "2678"]
[BlackElo "2448"]
[TimeControl "180+1"]
[EndTime "9:07:19 PDT"]
[Termination "workhard91 won by checkmate"]

1. a3 e5 2. c4 Nf6 3. Nc3 d5 4. cxd5 Nxd5 5. d3 Nc6 6. g3 Be6 7. Bg2 Qd7 8. Bd2 Be7 9. Nf3 O-O 10. O-O f6 11. Nxd5 Bxd5 12. b4 a6 13. Qc2 Rac8 14. Rfc1 Be6 15. Be3 Nd4 16. Bxd4 exd4 17. Nd2 c5 18. bxc5 Rxc5 19. Qd1 Rfc8 20. Rxc5 Rxc5 21. Rb1 b5 22. Rc1 f5 23. Rxc5 Bxc5 24. Qc1 Qd6 25. Nb1 g6 26. Qb2 Qb6 27. h4 a5 28. Nd2 a4 29. h5 b4 30. Nc4 Bxc4 31. dxc4 bxa3 32.
Qd2 Qb1+ 33. Kh2 a2 34. Bd5+ Kg7 35. Qg5 Qb6 36. h6+ Kf8 37. Qc1 a3 38. Kg2 Be7 39. e3 Qb2 40. Qd1 a1=Q 41. Qa4 Qb8 42. Qd7 Qd6 43.
Qc8+ Bd8 44. Qb7 Qe7 45. Qa8 dxe3 46. Qa6 Qaf6 47. Qxa3 e2 48. Qf3 e1=Q 49. Kh3 Q1e4 50. Bxe4 fxe4 51. Qe3 Qf3 52. Qd4 Qff6 53. Qe3 Qee6+ 54.
Kh2 g5 55. Qc5+ Kf7 56. Qa7+ Kg6 57. Qe3 Kxh6 58. c5 Qg4 59. c6 Qh5+ 60. Kg1 Qff3 61. Qc5 Qhh1# 0-1

[Event "Early-Titled-Tuesday-Blitz-August-29-2023"]
[Site "Chess.com"]
[Date "2023.08.29"]
[Round "6"]
[White "skkeyan1309"]
[Black "rasmussvane"]
[Result "1-0"]
[WhiteElo "2729"]
[BlackElo "2967"]
[TimeControl "180+1"]
[EndTime "9:07:23 PDT"]
[Termination "skkeyan1309 won by checkmate"]

1. d4 d5 2. c4 e6 3. Nc3 a6 4.
cxd5 exd5 5. Bf4 Nf6 6. e3 Bd6 7. Bxd6 Qxd6 8. Bd3 O-O 9. Nge2 Re8 10. h3 Be6 11.
O-O Nbd7 12. Rc1 Rac8 13. Bb1 c6 14. Nf4 Qe7 15. Qf3 Nb6 16. b3 Rcd8 17. Qg3 Nc8 18. Na4 Nd6 19. Nc5 Bf5 20. Bxf5 Nxf5 21.
Qf3 Nd6 22. Rfd1 g6 23. Nfd3 Nfe4 24. Qf4 Nxc5 25. Nxc5 Kg7 26. a4 h6 27. a5 g5 28. Qg3 f5 29. Re1 Qf6 30. Rcd1 Re7 31. Nd3 Rde8 32. Ne5 Nf7 33. f4 Kh7 34. fxg5 hxg5 35.
Nxf7 Rxf7 36. Rf1 Re4 37. Rf3 f4 38. exf4 Rxf4 39. Rxf4 Qxf4 40. Qd3+ Qf5 41. Qxf5+ Rxf5 42. Rf1 Kg6 43. g4 Rf6 44. Rxf6+ Kxf6 45. b4 Ke6 46.
Kf2 Kd7 47. Kg3 b6 48. axb6 Kc8 49. h4 gxh4+ 50. Kxh4 Kb7 51. g5 Kxb6 52. g6 Kb5 53. g7 Kxb4 54. g8=Q Kc4 55. Qa8 Kxd4 56. Qxc6 a5 57.
Qa4+ Ke3 58. Qxa5 d4 59. Qe1+ Kd3 60. Qd1+ Kc3 61. Kg3 d3 62. Kf3 d2 63. Ke3 Kb2 64.
Qxd2+ Kb1 65. Kd3 Ka1 66. Kc3 Kb1 67. Kb3 Ka1 68. Qd1# 1-0

[Event "Early-Titled-Tuesday-Blitz-August-29-2023"]
[Site "Chess.com"]
[Date "2023.08.29"]
[Round "6"]
[White "knightinshiningarmour16"]
[Black "ItsCheckM8Mate"]
[Result "0-1"]
[WhiteElo "2109"]
[BlackElo "2326"]
[TimeControl "180+1"]
[EndTime "9:07:23 PDT"]
[Termination "ItsCheckM8Mate won by resignation"]

1. d4 Nf6 2. c4 c5 3. d5 e6 4. Nc3 exd5 5. cxd5 d6 6. e4 g6 7. Bd3 Bg7 8. f3 O-O 9. Nge2 a6 10. a4 Qc7 11. O-O Nbd7 12. Bf4 Rb8 13. h3 c4 14. Bc2 b5 15. axb5 axb5 16. Be3 Nc5 17. Nd4 Bd7 18. b4 cxb3 19. Bxb3 Rfe8 20. Rc1 Qa5 21. Nce2 b4 22. Bf4 Qb6 23. Be3 Nh5 24. Bf2 Bc8 25. Nc6 Ra8 26. Qc2 Ba6 27. Rfe1 Bxe2 28.
Rxe2 Nf4 29. Rd2 Bf8 30. Rdd1 Qa6 31. Rb1 Nfd3 32. Bd4 Qa3 33. Bc4 Ne5 34. Bb3 Qa6 35.
Nxb4 Qc8 36. Nc6 Nxc6 37. dxc6 Qxc6 38. Bd5 Qa6 39. Bxc5 dxc5 40. Bxa8 Qxa8 41. Qd2 Bg7 42. Qd5 Bd4+ 43. Kh1 Qa3 44. Rbc1 Qe3 45. Qc4 Qf4 46.
Qe2 Be5 47. Kg1 Qh2+ 48. Kf2 Bg3+ 49. Ke3 Bf4+ 50. Kd3 Bxc1 51. Rxc1 Qd6+ 52. Ke3 Qd4+ 53. Kf4 Qf6+ 54. Kg3 Qg5+ 55. Kh2 Qxc1 0-1

[Event "Early-Titled-Tuesday-Blitz-August-29-2023"]
[Site "Chess.com"]
[Date "2023.08.29"]
[Round "6"]
[White "jk13"]
[Black "Shuvalov"]
[Result "1-0"]
[WhiteElo "2657"]
[BlackElo "2469"]
[TimeControl "180+1"]
[EndTime "9:07:25 PDT"]
[Termination "jk13 won by resignation"]

1. e4 e6 2. d4 d5 3. e5 c5 4. Nf3 Nc6 5. Bd3 cxd4 6. O-O f6 7. Bb5 Bd7 8. Nxd4 Nxd4 9. Bxd7+ Qxd7 10. Qxd4 fxe5 11. Qxe5 Nf6 12. Bf4 Bc5 13. Nd2 O-O 14. Bg3 Rae8 15. Rae1 Qa4 16. Nb3 Bb6 17. Re2 Ne4 18.
a3 Qc4 19. Rxe4 Qxe4 20. Qxe4 dxe4 21. Re1 e3 22. fxe3 Rd8 23. Be5 Rf5 24. Bd4 e5 25. Bxb6 axb6 26. h3 Kf7 27. a4 Ra8 28. Ra1 Ke7 29.
Nd2 Rf6 30. Nc4 Rc6 31. b3 Ke6 32. Rd1 Rf8 33. Rd2 Ra8 34. Nb2 Rc3 35. Kf2 b5 36. Nd1 Rc5 37. axb5 Rxb5 38. Ke2 Rd5 39. Rxd5 Kxd5 40.
Nc3+ Kc6 41. Ne4 Ra2 42. Kd3 Ra1 43. Ke2 Rc1 44. Kd3 Rg1 45. g4 Rh1 46. Nf2 Rh2 47.
Ke2 Kd5 48. Kf3 Rxf2+ 49. Kxf2 Ke4 50. Ke2 b5 51. c4 b4 52. h4 g6 53. g5 Kf5 54.
Kd3 Ke6 55. Ke4 Kd6 56. c5+ Kxc5 57. Kxe5 Kc6 58. Ke6 Kc5 59. Kf6 Kd5 60. Kg7 Ke4 61.
Kxh7 Kd3 62. Kxg6 Kc3 63. h5 Kxb3 64. h6 Kc4 65. h7 b3 66. h8=Q 1-0

[Event "Early-Titled-Tuesday-Blitz-August-29-2023"]
[Site "Chess.com"]
[Date "2023.08.29"]
[Round "6"]
[White "Maluco_do_Natal_00"]
[Black "CraiggoryC"]
[Result "1-0"]
[WhiteElo "1935"]
[BlackElo "2184"]
[TimeControl "180+1"]
[EndTime "9:07:26 PDT"]
[Termination "Maluco_do_Natal_00 won by checkmate"]

1. e4 e6 2. d4 d5 3. Nc3 Bb4 4. e5 c5 5. a3 Bxc3+ 6. bxc3 Ne7 7. Qg4 Qc7 8. Qxg7 Rg8 9. Qxh7 cxd4 10. Ne2 Nbc6 11.
f4 dxc3 12. Qd3 d4 13. Nxd4 Nxd4 14. Qxd4 Bd7 15. Be3 Nf5 16. Qc5 Bc6 17. Rg1 O-O-O 18. Qxa7 Rd5 19. Bb6 Qe7 20. Qa8+ Kd7 21. Qxg8 Ba4 22.
Bd3 Bb5 23. Rd1 Bxd3 24. Rxd3 Rxd3 25. cxd3 Kc6 26. Bf2 Qxa3 27. Qc8+ Kb5 28. Qc4+ Ka5 29. Qc5+ Qxc5 30. Bxc5 b5 31. Kd1 b4 32. Kc2 Kb5 33.
Bf2 Ne7 34. g4 Nd5 35. Rb1 Nxf4 36. h4 Ka4 37. Ra1+ Kb5 38. Ra8 Nd5 39. Rb8+ Ka4 40. Ra8+ Kb5 41. h5 Kc6 42. h6 Kb7 43. Ra4 Kc6 44.
h7 Kb5 45. Ra8 b3+ 46. Kxb3 c2 47. Kxc2 f5 48. gxf5 Nb4+ 49. Kd2 exf5 50. Rb8+ Kc6 51. Rxb4 f4 52. h8=Q Kd5 53. Qd8+ Ke6 54. Qd6+ Kf5 55.
Qf6+ Kg4 56. e6 Kh3 57. Qh6+ Kg2 58. Qg5+ Kf1 59. Bc5 f3 60. Qf4 Kg2 61. Qg4+ Kh1 62. Qg1# 1-0

[Event "Early-Titled-Tuesday-Blitz-August-29-2023"]
[Site "Chess.com"]
[Date "2023.08.29"]
[Round "6"]
[White "parintele_chess"]
[Black "MdChess1734"]
[Result "0-1"]
[WhiteElo "2224"]
[BlackElo "2370"]
[TimeControl "180+1"]
[EndTime "9:07:30 PDT"]
[Termination "MdChess1734 won by checkmate"]

1. d4 Nf6 2. Bf4 e6 3. Nf3 b6 4. e3 Bb7 5. Be2 c5 6. O-O Be7 7. c4 Nh5 8. Be5 d6 9. Bg3 Nxg3 10. hxg3 O-O 11. Nc3 Nd7 12. d5 e5 13. e4 Bf6 14.
Nb5 Qe7 15. a4 a6 16. Nc3 Qd8 17. Nd2 g6 18. Bg4 Bg7 19. f4 f5 20. exf5 gxf5 21. Bh3 e4 22. Ndxe4 fxe4 23. Be6+ Kh8 24. Nxe4 Nf6 25.
Ng5 Qe7 26. Re1 Qc7 27. Qd3 Bc8 28. Qf5 h6 29. Kf2 Bd7 30. Rh1 Be8 31. Rh4 h5 32. Rah1 Bh6 33. Ke2 Qg7 34. Qd3 Bg6 35. f5 Bxg5 36.
fxg6 Bxh4 37. Rxh4 Rae8 38. Kd2 Qh6+ 39. Kc2 Kg7 40. Qc3 Qg5 41. Kb3 b5 42. Rf4 Qxg6 43. Qf3 Kh8 44. Qf2 Nh7 45. Rxf8+ Rxf8 46. Qd2 Qxg3+ 47. Ka2 bxc4 48. Qc2 Qb3+ 49. Qxb3 cxb3+ 50. Kxb3 Ng5 51. Ka3 Nxe6 52. dxe6 Re8 53. e7 Rxe7 54. b4 Re3+ 55. Kb2 cxb4 56. a5 Rg3 57. Kc2 h4 58.
Kb2 Rxg2+ 59. Kb3 h3 60. Kxb4 h2 61. Kc4 h1=Q 62. Kd5 Qd1+ 63. Kc6 Rc2+ 64. Kb7 Qb1+ 65. Kxa6 Rc6+ 66. Ka7 Rc7+ 67. Ka6 Qb7# 0-1

[Event "Early-Titled-Tuesday-Blitz-August-29-2023"]
[Site "Chess.com"]
[Date "2023.08.29"]
[Round "6"]
[White "denizozen"]
[Black "twofoxniel"]
[Result "1-0"]
[WhiteElo "2861"]
[BlackElo "2660"]
[TimeControl "180+1"]
[EndTime "9:07:32 PDT"]
[Termination "denizozen won on time"]

1. e4 d5 2. exd5 Nf6 3. d4 Bg4 4. Bb5+ Nbd7 5. Be2 Bxe2 6. Qxe2 Nxd5 7. c4 N5f6 8. Nf3 c6 9. Nc3 e6 10. d5 Nc5 11. O-O cxd5 12. cxd5 Nxd5 13. Rd1 Be7 14.
Nxd5 exd5 15. Qb5+ Kf8 16. Be3 a6 17. Qb4 b6 18. Qd2 f6 19. Qxd5 Qxd5 20. Rxd5 Kf7 21. Rad1 Rac8 22. b3 Rc7 23. g3 Rhc8 24. Kg2 b5 25. Bf4 Rc6 26. Nd4 Rb6 27. Nf5 Bf8 28.
Rc1 Ke6 29. Ne3 Rbc6 30. h4 h6 31. h5 Be7 32. Rdd1 Ne4 33. Rxc6+ Rxc6 34. g4 Bc5 35. Nf5 Nxf2 36. Nxg7+ Kf7 37. Rd7+ Kf8 38. Bxh6 Nxg4 39. Nf5+ Nxh6 40. Nxh6 Be3 41. Nf5 Bg5 42. h6 Bxh6 43. Nxh6 Rc2+ 44. Kf3 Rxa2 45. Nf5 Ra3 46. Kg4 Rxb3 47. Kh5 Ke8 48. Ra7 Ra3 49. Kg6 Kd8 50.
Kxf6 Kc8 51. Ke6 Kb8 52. Rh7 Rd3 53. Nd6 b4 54. Kd7 Ka7 55. Kc6+ Ka8 56. Nc4 Rc3 57. Kb6 1-0

[Event "Early-Titled-Tuesday-Blitz-August-29-2023"]
[Site "Chess.com"]
[Date "2023.08.29"]
[Round "6"]
[White "smilingice"]
[Black "GeorgiosSouleidis"]
[Result "0-1"]
[WhiteElo "2394"]
[BlackElo "2565"]
[TimeControl "180+1"]
[EndTime "9:07:32 PDT"]
[Termination "GeorgiosSouleidis won on time"]

1. e4 c5 2. Nf3 e6 3. c4 Nc6 4. d4 cxd4 5. Nxd4 Bc5 6. Nc2 Qb6 7. Qd2 Nf6 8. Nc3 Qc7 9. Be2 O-O 10. O-O a6 11. a3 b6 12. b4 Be7 13. Bb2 Bb7 14.
Rac1 Rfd8 15. Ne3 Qf4 16. f3 a5 17. g3 Qh6 18. b5 Bc5 19. Nd1 Ne7 20. Kg2 d5 21.
cxd5 exd5 22. e5 d4 23. exf6 dxe3 24. Qc3 Nd5 25. Qe5 Nxf6 26. Bc4 Rd2+ 27. Nf2 Rxf2+ 28. Rxf2 exf2 29. Qc7 f1=Q+ 30. Rxf1 Qd2+ 31. Kh3 Bd5 32. Bxf6 gxf6 33. Bxd5 Qxd5 34. Re1 Qf5+ 35. Kg2 Qc2+ 36. Kh3 Qf5+ 37. Kg2 Rc8 38. Qb7 Bxa3 39. Re4 Rc2+ 40. Kg1 Bc5+ 41. Kf1 Qxf3+ 42. Ke1 Qe2+ 43. Rxe2 Rxe2+ 44. Kxe2 a4 45. Kd3 a3 46. Kc2 Kg7 47. Kb3 Kg6 48.
Qe4+ Kg7 49. Qg4+ Kf8 50. h4 h6 51. h5 Be7 52. Qe2 Bc5 53. Kc4 Kg7 54. Kd5 Kf8 55.
Kc6 Kg7 0-1

[Event "Early-Titled-Tuesday-Blitz-August-29-2023"]
[Site "Chess.com"]
[Date "2023.08.29"]
[Round "6"]
[White "Chessbard1972"]
[Black "Sl4werThanYou"]
[Result "0-1"]
[WhiteElo "2546"]
[BlackElo "2731"]
[TimeControl "180+1"]
[EndTime "9:07:33 PDT"]
[Termination "Sl4werThanYou won by checkmate"]

1. d4 Nf6 2. c4 e6 3. Nf3 d5 4. Nc3 c5 5. cxd5 cxd4 6. Qxd4 exd5 7. Bg5 Be7 8. e3 O-O 9. Bb5 h6 10. Bh4 a6 11. Ba4 Nc6 12. Qd3 Qb6 13. O-O Rd8 14. Rfd1 Be6 15. Bb3 Ne4 16. Bxe7 Nxe7 17. Nxe4 dxe4 18.
Qxe4 Bxb3 19. axb3 Qxb3 20. Nd4 Qb4 21. h3 Nc6 22.
Rac1 Nxd4 23. exd4 Rd7 24. Rc2 Rad8 25. Rcd2 Qc4 26.
Qe3 Qd5 27. Rd3 h5 28. Qd2 g6 29. Qb4 Qe4 30. Qb6 Kg7 31. Qc5 Qd5 32. Qxd5 Rxd5 33. R1d2 Kf6 34. f3 h4 35. Kf2 Kf5 36. Ke3 Re8+ 37.
Kf2 Kf4 38. Rb3 b5 39. Rc3 Re7 40. Rc6 Re6 41. Rxe6 fxe6 42. Re2 Rxd4 43. Rxe6 Rd2+ 44. Ke1 Rxg2 45. b4 Kxf3 46. Rxa6 Rb2 47. Rxg6 Rxb4 48.
Kd2 Kf2 49. Kc3 Rf4 50. Kb3 Rf3+ 51. Kb4 Rxh3 52. Kxb5 Rg3 53. Rf6+ Kg2 54. Kc4 h3 55. Ra6 h2 56. Ra2+ Kh3 57. Ra1 Rg4+ 58. Kd3 Rg1 59. Ra8 h1=Q 60. Rh8+ Kg2 61. Rxh1 Rxh1 62. Ke4 Rh3 63.
Kd5 Rg3 64. Ke6 Kf2 65. Kd6 Rf3 66. Kc6 Ke3 67. Kb5 Rf4 68. Kc5 Re4 69. Kd6 Kd4 70. Kc6 Re5 71. Kd6 Ke4 72. Kc6 Kf5 73. Kd6 Kf6 74. Kc6 Ke6 75. Kc7 Rd5 76. Kc6 Re5 77.
Kc7 Rc5+ 78. Kb6 Kd6 79. Kb7 Rb5+ 80. Ka6 Kc6 81. Ka7 Re5 82. Kb8 Ra5 83. Kc8 Ra8# 0-1

[Event "Early-Titled-Tuesday-Blitz-August-29-2023"]
[Site "Chess.com"]
[Date "2023.08.29"]
[Round "6"]
[White "Kopytkin"]
[Black "Goi_Manne"]
[Result "1-0"]
[WhiteElo "2370"]
[BlackElo "2315"]
[TimeControl "180+1"]
[EndTime "9:07:34 PDT"]
[Termination "Kopytkin won on time"]

1. d4 c6 2. e4 d5 3. e5 Bf5 4. Nc3 e6 5. g4 Bg6 6. Nge2 h5 7.
Nf4 Ne7 8. Nxg6 Nxg6 9. gxh5 Ne7 10. Bd3 Nd7 11. Ne2 c5 12. c3 a6 13. Be3 c4 14. Bc2 b5 15. Ng3 Nc6 16. b4 a5 17.
a3 Be7 18. Qg4 Bf8 19. O-O Qc7 20. Qf3 Nb6 21. Qg2 O-O-O 22. f4 Kb7 23. Rfb1 axb4 24. axb4 f6 25. Ra2 Be7 26. Rba1 Ra8 27. Bd1 Rxa2 28.
Rxa2 Qd8 29. Ra1 Qg8 30. Qa2 Qa8 31. Qxa8+ Nxa8 32. Bg4 f5 33. Bd1 Nb6 34. Kf2 Bh4 35. Ke1 Nd8 36. Kd2 Nc6 37. Bf3 Na4 38. Kc2 Nd8 39.
Ne2 Rh7 40. Rg1 Kc7 41. Rg2 Kd7 42. Ng1 Nf7 43. Nh3 Nb6 44. Ng5 Nxg5 45. fxg5 Na4 46. Bf4 Be1 47. Bd2 Bxd2 48. Rxd2 Ke7 49. Rd1 Ke8 50.
Ra1 Ke7 51. h4 Rh8 52. Rg1 Rh7 53. h6 gxh6 54. g6 Rg7 55. h5 Kf8 56. Ra1 Ra7 57. Ra3 Kg7 58. Bd1 Ra8 59. Kc1 Ra7 60. Bxa4 bxa4 61. Kb2 Kf8 62. Ra1 Kg7 63. Ka3 Kf8 64.
b5 Ke7 65. Rb1 Kd8 66. b6 Rb7 67. Kxa4 1-0

[Event "Early-Titled-Tuesday-Blitz-August-29-2023"]
[Site "Chess.com"]
[Date "2023.08.29"]
[Round "6"]
[White "jerry_77"]
[Black "MathiasWomacka"]
[Result "1-0"]
[WhiteElo "2630"]
[BlackElo "2465"]
[TimeControl "180+1"]
[EndTime "9:07:37 PDT"]
[Termination "jerry_77 won on time"]

1. e4 c5 2. Nf3 d6 3. Nc3 Nf6 4. d4 cxd4 5. Nxd4 a6 6. Be3 e5 7. Nb3 Be7 8. Be2 Be6 9. O-O O-O 10. Qd2 Nbd7 11. a4 Nb6 12. a5 Nc4 13. Bxc4 Bxc4 14. Rfd1 h6 15. f3 Rc8 16. Bb6 Qe8 17. Nc1 Nd7 18.
Be3 f5 19. Nd3 fxe4 20. fxe4 Nf6 21. Nb4 Kh8 22. h3 Qg6 23. Re1 Be6 24. Kh1 Nxe4 25. Nxe4 Qxe4 26. Bxh6 Qg6 27. Be3 d5 28. Nd3 Bd6 29.
Rf1 Qg3 30. Bf2 Qg6 31. Bg1 e4 32. Nf4 Bxf4 33. Rxf4 Rxf4 34. Qxf4 Rxc2 35. Bf2 d4 36. Qh4+ Kg8 37. Qd8+ Kh7 38. Qxd4 e3 39. Qxe3 Bd5 40. Rg1 Rxb2 41. Qf4 Rb3 42. Kh2 Be6 43. Bg3 Rc3 44.
Qh4+ Qh6 45. Qe4+ Qg6 46. Qe5 Rc4 47. Re1 Bd7 48. Qe2 Ra4 49. Rd1 Bc6 50. Rd6 Qf5 51. Re6 Re4 52. Rxe4 Qxe4 53. Qxe4+ Bxe4 54. Bc7 Kg6 55. Bb6 Kf5 56. g4+ Ke6 57. Kg3 g6 58.
Kf4 Bb1 59. Kg5 Kf7 60. h4 Ke6 61. Kh6 Kf7 62. g5 Bc2 63. Bc7 Bb1 64. Bb6 Bc2 65.
h5 gxh5 66. Kxh5 Bb1 67. Kg4 Ke6 68. Kf4 Bg6 69. Ke3 Bh7 70. Kd4 Kd6 71. Bc5+ Ke6 72. Bf8 Kf5 73. Be7 Bg8 74. Kc5 Be6 75. Kd6 Bc4 76.
Bd8 Bd3 77. Ke7 1-0

[Event "Early-Titled-Tuesday-Blitz-August-29-2023"]
[Site "Chess.com"]
[Date "2023.08.29"]
[Round "6"]
[White "BashirliSaadat"]
[Black "AttilaTurzo"]
[Result "0-1"]
[WhiteElo "2383"]
[BlackElo "2512"]
[TimeControl "180+1"]
[EndTime "9:07:41 PDT"]
[Termination "AttilaTurzo won by checkmate"]

1. d4 Nf6 2. e3 g6 3. Bd3 Bg7 4. f4 O-O 5. Nf3 c5 6. c3 b6 7. Qe2 d5 8. Nbd2 Bb7 9. O-O Nbd7 10.
Ne5 Qc7 11. Ndf3 Ne4 12. Nxd7 Qxd7 13. Ne5 Qc7 14. Bd2 Nd6 15. Rac1 c4 16. Bb1 b5 17. Rf3 Bc8 18. Rg3 Nf5 19. Rf3 Nd6 20. h3 f6 21.
Ng4 Bxg4 22. hxg4 e5 23. Rh3 Rae8 24. Qf2 exd4 25. Qh4 Ne4 26. Bxe4 Rxe4 27. cxd4 h6 28. Qf2 a5 29. a3 Rb8 30. Qe1 Ra8 31. b4 axb4 32. Bxb4 Rae8 33. Qd2 Qd7 34. Rg3 Qe6 35.
Kf2 Qd7 36. Qd1 Kf7 37. Qd2 Rh8 38. Rh1 Qe6 39. Qc3 Qd7 40. Qd2 Ree8 41. g5 hxg5 42. Rxh8 gxf4 43. exf4 Rxh8 44. Qc2 f5 45. Qd2 Bf6 46. Re3 Bh4+ 47. g3 Bf6 48. Kg2 Re8 49. Bc3 Rxe3 50. Qxe3 Qe6 51. Kf3 Qe4+ 52. Qxe4 dxe4+ 53. Ke3 Ke6 54. Bb2 Kd5 55. Bc3 Be7 56. Bb2 b4 57.
axb4 Bxb4 58. Ba1 c3 59. Ke2 Kxd4 60. g4 e3 61. gxf5 gxf5 62. Kd1 Kd3 63. Ke1 c2+ 64. Kf1 c1=Q+ 65. Kg2 Qxa1 66. Kf3 e2 67. Kg2 Qf1+ 68.
Kg3 Be1+ 69. Kh2 Qf2+ 70. Kh3 Qg3# 0-1

[Event "Early-Titled-Tuesday-Blitz-August-29-2023"]
[Site "Chess.com"]
[Date "2023.08.29"]
[Round "6"]
[White "abhidabhi"]
[Black "tsaruk_maks"]
[Result "0-1"]
[WhiteElo "2895"]
[BlackElo "2764"]
[TimeControl "180+1"]
[EndTime "9:07:42 PDT"]
[Termination "tsaruk_maks won by resignation"]

1. Nf3 d5 2. c4 e6 3. g3 Nf6 4. Bg2 dxc4 5. Na3 Bxa3 6. bxa3 O-O 7. Bb2 Nc6 8. Qc2 Re8 9. Qxc4 e5 10. O-O Be6 11.
Qc2 e4 12. Ne5 Bd5 13. Nxc6 Bxc6 14. Rad1 Qd7 15. Bxf6 gxf6 16. Qc3 Re5 17. d4 Rh5 18. d5 Rxd5 19. Rxd5 Qxd5 20. Qxf6 Re8 21. h4 Qe5 22. Qh6 Re6 23. Qe3 a6 24. Rc1 Rd6 25. Rc5 Rd5 26. Rc4 f5 27. h5 Kf7 28. h6 Kg6 29. Rc1 Qd6 30. Kh2 Qf8 31. g4 Qxh6+ 32. Qxh6+ Kxh6 33. gxf5 Rxf5 34. Kg3 Rg5+ 35. Kh2 Rb5 36. Rc2 Kg5 37. Rc3 Rb2 38. Rg3+ Kf6 39. Rh3 Rxe2 40. Kg3 Kg7 41. Rh4 Rxa2 42. Rg4+ Kf6 43. Rh4 Rxa3+ 44. Kf4 Ra2 45.
Ke3 a5 46. Rxh7 a4 47. Rxc7 Ke5 48. Re7+ Kd6 49. Rh7 Kc5 50. Rh5+ Kb4 51. Re5 a3 52. Bxe4 Bxe4 53. Rxe4+ Ka5 54. Re5+ b5 55. Re8 Rc2 56. Ra8+ Kb4 57. f4 Kb3 58. f5 b4 59. f6 Rc7 60.
Ke4 Kb2 61. Ke5 a2 62. Rb8 b3 0-1

[Event "Early-Titled-Tuesday-Blitz-August-29-2023"]
[Site "Chess.com"]
[Date "2023.08.29"]
[Round "6"]
[White "IngOscarArdila"]
[Black "Mikhail_Golubev"]
[Result "0-1"]
[WhiteElo "2308"]
[BlackElo "2567"]
[TimeControl "180+1"]
[EndTime "9:07:42 PDT"]
[Termination "Mikhail_Golubev won by checkmate"]

1. d4 Nf6 2. c4 g6 3. Nc3 Bg7 4. Nf3 O-O 5. e3 d6 6. Be2 Nbd7 7. O-O e5 8. Qc2 Re8 9. dxe5 dxe5 10. Rd1 c6 11. b3 Qe7 12. a4 a5 13. Ba3 Nc5 14. e4 Bf8 15. h3 Qc7 16. Ne1 Ne6 17. Bxf8 Kxf8 18. Nf3 Nd7 19. Qd2 Ndc5 20. Rab1 f6 21.
Qh6+ Kg8 22. h4 Qe7 23. Qe3 Nf4 24. Bf1 Bg4 25. Ne2 Nfe6 26. Ng3 h5 27. Be2 Rad8 28.
Nh2 Bxe2 29. Qxe2 Rxd1+ 30. Qxd1 Rd8 31. Qe2 Nf4 32. Qe1 Rd3 33. Nf3 Nxb3 34. Ne2 Nxe2+ 35. Qxe2 Nc5 36. Qe1 Qd8 37. Kh2 Kg7 38. Qe2 Qd6 39. Qb2 Qd7 40. Qb6 Qe7 41. Qa7 Rd7 42.
Qxa5 Nxe4 43. Qb6 Nc5 44. a5 e4 45. Ng1 Qe5+ 46. g3 e3 47. Re1 exf2 48. Rxe5 f1=Q 49. Re8 Rd2+ 50. Ne2 Rxe2+ 51. Rxe2 Qxe2+ 52. Kh3 Qf1+ 53. Kh2 Qf2+ 54. Kh3 Ne4 55. Qc7+ Kh6 56. a6 bxa6 57. Qb8 Qf1+ 58. Kh2 Qf2+ 59. Kh3 g5 60. Qh8+ Kg6 61.
Qg8+ Kf5 62. Qb8 g4# 0-1

[Event "Early-Titled-Tuesday-Blitz-August-29-2023"]
[Site "Chess.com"]
[Date "2023.08.29"]
[Round "6"]
[White "Fandorine"]
[Black "PeshkaCh"]
[Result "1/2-1/2"]
[WhiteElo "2945"]
[BlackElo "2800"]
[TimeControl "180+1"]
[EndTime "9:07:43 PDT"]
[Termination "Game drawn - insufficient material"]

1. e4 e5 2. Nf3 Nc6 3. Nc3 Nf6 4. g3 d5 5. exd5 Nxd5 6. Bg2 Nxc3 7. bxc3 Bd6 8. O-O O-O 9. Re1 Bg4 10. h3 Bh5 11. d3 Re8 12. Rb1 Qc8 13. g4 Bg6 14. Nh4 Rb8 15. Nxg6 hxg6 16. g5 Ne7 17. Qg4 Qxg4 18.
hxg4 b6 19. a4 f6 20. Bd2 Kf7 21. Bf3 Rh8 22. Kg2 a5 23. Rh1 f5 24. c4 Rbe8 25. Bc3 fxg4 26. Bxg4 Nf5 27. Bd2 Nh4+ 28. Kf1 Nf5 29. Bf3 Nd4 30. Bd5+ Ke7 31. c3 Ne6 32.
Ke2 Nc5 33. Bc6 Ref8 34. Be3 Ne6 35. Be4 Bc5 36. Bxg6 Bxe3 37. fxe3 Nxg5 38. d4 exd4 39. cxd4 Kd7 40. Kd3 Ne6 41. Rxh8 Rxh8 42. Rf1 Kd6 43. Be4 Rf8 44. Rg1 Rf6 45. Bd5 g6 46. Ke4 c6 47. Bxe6 Rxe6+ 48. Kd3 c5 49. Rg5 cxd4 50. Kxd4 Rf6 51. e4 Kd7 52. e5 Rf1 53. Rxg6 Rd1+ 54.
Ke4 Re1+ 55. Kf5 Rf1+ 56. Kg5 Rg1+ 57. Kf6 Rf1+ 58. Kg7 Re1 59. Rd6+ Ke7 60. Rd5 Ke6 61. Rb5 Rxe5 62. Rxb6+ Kd7 63. Rb5 Re4 64. Rc5 Kd6 65.
Rd5+ Kc6 66. Rxa5 Rxc4 67. Kf6 Kb6 68. Rb5+ Ka6 69. Rf5 Rxa4 70. Kg5 Ra5 71. Rxa5+ Kxa5 1/2-1/2

[Event "Early-Titled-Tuesday-Blitz-August-29-2023"]
[Site "Chess.com"]
[Date "2023.08.29"]
[Round "6"]
[White "MetiForce"]
[Black "GMG"]
[Result "0-1"]
[WhiteElo "2892"]
[BlackElo "2733"]
[TimeControl "180+1"]
[EndTime "9:07:44 PDT"]
[Termination "GMG won by checkmate"]

1. d4 d5 2. c4 c6 3. Nf3 e6 4. e3 Bd6 5. b3 Nf6 6. Bb2 Ne4 7. Nbd2 f5 8. Bd3 Nd7 9. O-O Qf6 10. Ne1 Qh6 11. f4 g5 12. g3 gxf4 13.
exf4 Ndf6 14. Nxe4 fxe4 15. Be2 Rg8 16. Ng2 Bd7 17. a4 Qh3 18. Ne3 O-O-O 19. Rf2 Rxg3+ 20. hxg3 Qxg3+ 21. Ng2 Rg8 22. Bc1 e3 23. Bxe3 Qxe3 24.
Qd3 Bxf4 25. Kf1 Qxd3 26. Bxd3 Bg5 27. Re1 Kd8 28. Rf3 Ke7 29. Nf4 Ng4 30. Ke2 Rf8 31.
Rg1 e5 32. Nh3 Rxf3 33. Kxf3 e4+ 34. Kg3 Be3 35. Be2 Bxg1 36. Nxg1 Ne3 37. Kf4 Nf5 38.
Ke5 Be6 39. Bd1 Nd6 40. c5 Nf7+ 41. Kf4 Kf6 42. Ne2 Nh8 43. Ng3 Ng6+ 44. Ke3 Kg5 45. Nh5 Bd7 46. b4 Nh4 47. Ng3 Nf5+ 48. Nxf5 Bxf5 49. b5 Bd7 50. Be2 h5 51. b6 a5 52. Kf2 h4 53. Bf1 Kf4 54. Ba6 e3+ 55. Ke2 Bc8 56. Bd3 h3 57. Kf1 Kg3 58. Kg1 h2+ 59.
Kh1 Bg4 60. Be2 Bf3+ 61. Bxf3 Kxf3 62. Kxh2 e2 63. Kh3 e1=Q 64. Kh2 Qe8 65. Kh1 Qg8 66. Kh2 Qg2# 0-1